 Dungeon Crawl Stone Soup version 0.29.1-4-g47bece8355 (webtiles) character file.

Game seed: 1805108455802742832

3 IcyTea the Slasher (level 1, 17/23 HPs)
             Began as a Gnoll Cinder Acolyte on Dec 9, 2022.
             Was a High Priest of Ignis.
             Quit the game on level 1 of the Dungeon.
             The game lasted 00:00:33 (38 turns).

IcyTea the Slasher (Gnoll Cinder Acolyte)             Turns: 38, Time: 00:00:33

Health: 17/23      AC:  2    Str: 13    XL:     1   Next: 50%
Magic:  4/4        EV: 11    Int: 13    God:    Ignis [*****.]
Gold:   7          SH:  0    Dex:  7    Spells: 5/5 levels left

rFire   + . .      SeeInvis .   a - -1 falchion (flame)
rCold   . . .      Faith    .   (no shield)
rNeg    . . .      Spirit   .   b - +0 robe
rPois   .          Reflect  .   (no helmet)
rElec   .          Harm     .   (no cloak)
rCorr   .          Rampage  .   (no gloves)
Will    .....                   (no boots)
Stlth   +.........              (no amulet)
HPRegen 0.07/turn               (no ring)
MPRegen 0.09/turn               (no ring)

@: no status effects
A: fangs 1, strong nose, distributed training
a: Renounce Religion, Fiery Armour, Foxfire Swarm, Rising Flame


You were on level 1 of the Dungeon.
You worshipped Ignis.
Ignis was extremely pleased with you.
You visited 1 branch of the dungeon, and saw 1 of its levels.

You collected 7 gold pieces.

Inventory:

Hand Weapons
 a - a -1 falchion of flaming (weapon)
Armour
 b - a +0 robe (worn)
Scrolls
 c - a scroll of magic mapping {unknown}


   Skills:
 + Level 6.4 Fighting
 + Level 0.0 Short Blades
 + Level 6.4 Long Blades
 + Level 0.0 Axes
 + Level 0.0 Maces & Flails
 + Level 0.0 Polearms
 + Level 0.0 Staves
 + Level 0.0 Ranged Weapons
 + Level 0.0 Throwing
 + Level 0.0 Armour
 + Level 0.0 Dodging
 + Level 0.0 Stealth
 + Level 0.0 Shields
 + Level 0.0 Unarmed Combat
 + Level 2.6 Spellcasting
 + Level 0.0 Conjurations
 + Level 0.0 Hexes
 + Level 0.0 Summonings
 + Level 0.0 Necromancy
 + Level 0.0 Translocations
 + Level 0.0 Transmutations
 + Level 5.3 Fire Magic
 + Level 0.0 Ice Magic
 + Level 0.0 Air Magic
 + Level 0.0 Earth Magic
 + Level 0.0 Poison Magic
 + Level 0.1 Invocations
 + Level 0.0 Evocations


You had 5 spell levels left.
You didn't know any spells.
Your spell library contained the following spells:

 Spells                   Type           Power      Damage    Failure   Level
 Scorch                   Fire           30%        2d6       4%          2


Dungeon Overview and Level Annotations

Branches:
Dungeon (1/15)

Altars:


Innate Abilities, Weirdness & Mutations

You have very sharp teeth.
Your uncanny sense of smell can sniff out nearby items.
Your experience applies equally to all skills.


Message History

Found 2 stones.
Found a staircase leading out of the dungeon.
You see here a stone.
You open the door.
Found 47 stones.
Found 2 stones.
There is an open door here.
You see here a stone.
Okay, then.
There is an open door here.
You see here a stone.
You see here 2 stones.
You see here 3 stones.
You open the door.
There is an open door here.
A ball python comes into view.
Found 7 gold pieces and a scroll labelled ZOIROWKIL RA LUATA.
Found a stone staircase leading down.
The ball python hisses angrily.
You see here 7 gold pieces.
You now have 7 gold pieces.
The ball python bites you. The ball python misses you.
You hit the ball python. You burn the ball python.
You kill the ball python!
Found a book of Changes.
A dart slug comes into view.
You hit the dart slug but do no damage. You hit the dart slug but do no damage.
The dart slug bites you.
You completely miss the dart slug. The dart slug launches a dart at you.
The slug dart hits you.
You barely miss the dart slug. You bite the dart slug.
The dart slug is lightly wounded.
The dart slug launches a dart at you. The slug dart misses you.
You slash the dart slug! You burn the dart slug.
You kill the dart slug!
c - a scroll labelled ZOIROWKIL RA LUATA You see here a dart slug corpse.
Are you sure you want to abandon this character and quit the game? (Confirm with "yes".)

#....... #......
###...... .........
#:.......#
#........###########
...................#
.......@..........#
...........†......#
.###............###
#.....>......# #######
#............#
##.....###............#
#...<...##............#
##.((..###.###.########
###'###.....#.#


There were no monsters in sight!

Vanquished Creatures
  A dart slug (D:1)
  A ball python (D:1)
2 creatures vanquished.

Notes
Turn   | Place    | Note
-------+----------+-------------------------------------------
     0 | D:1      | IcyTea the Gnoll Cinder Acolyte began the quest for the
                  | Orb.
     0 | D:1      | Reached XP level 1. HP: 23/23 MP: 4/4
    38 | D:1      | Quit the game

Illustrated notes

Levels and vault maps discovered:
D:1:      minmay_arrival_shattered_statue, layout_basic, minmay_distorted

Action                   || total
-------------------------++-------
Melee: Falchion          ||     6
       Bite              ||     1
Dodge: Dodged            ||     2
